[Event "Czech Youth U16 Boys 2024"]
[Site "Kouty nad Desnou"]
[Date "2024.03.10"]
[Round "2.11"]
[White "Ulcak, Michael"]
[Black "Zemek, Antonin"]
[Result "1/2-1/2"]
[ECO "C07"]
[WhiteElo "1929"]
[BlackElo "1870"]
[Annotator "RC"]
[PlyCount "72"]
[EventDate "2024.03.10"]
[EventType "swiss"]
[EventCountry "CZE"]
[SourceTitle "playchess.com"]
[Source "ChessBase"]
[SourceQuality "1"]
[TimeControl "40/5400+30:1800+30"]

1. e4 e6 2. d4 d5 3. Nd2 c5 4. exd5 Qxd5 5. Ngf3 cxd4 6. Bc4 Qd6 7. O-O Nf6 8. Re1 Nc6 9. Nb3 Bd7 10. Nbxd4 Nxd4 11. Qxd4 Qxd4 12. Nxd4 Bc5 13. Nf3 Ng4 14. Re2 Bc6 15. h3 Bxf3 16. gxf3 Nf6 17. Bb5+ Ke7 18. Bg5 Rhd8 19. f4 h6 20. Bh4 a6 21. Bd3 Rd4 22. Re5 Bd6 23. Bxf6+ Kxf6 24. Re4 Rd5 25. Rae1 Rd8 26. Rc4 Bc5 27. Be4 Rd1 28. Rxd1 Rxd1+ 29. Kg2 b6 30. b4 Rd4 31. Rxd4 Bxd4 32. Bd3 a5 33. bxa5 bxa5 34. a4 e5 35. fxe5+ Kxe5 36. Kg3 g5 1/2-1/2

[Event "Czech Youth U16 Boys 2024"]
[Site "Kouty nad Desnou"]
[Date "2024.03.10"]
[Round "2.12"]
[White "Zezula, Matej"]
[Black "Buchta, Bartolomej"]
[Result "0-1"]
[ECO "B51"]
[WhiteElo "1825"]
[BlackElo "1913"]
[Annotator "RC"]
[PlyCount "68"]
[EventDate "2024.03.10"]
[EventType "swiss"]
[EventCountry "CZE"]
[SourceTitle "playchess.com"]
[Source "ChessBase"]
[SourceQuality "1"]
[TimeControl "40/5400+30:1800+30"]

1. e4 c5 2. Nf3 d6 3. Bb5+ Nd7 4. O-O a6 5. Bd3 g6 6. Re1 Bg7 7. c3 b5 8. Bc2 Bb7 9. d4 cxd4 10. cxd4 Rc8 11. Nbd2 Ngf6 12. Nb3 O-O 13. Bd2 Nb6 14. Ba5 Nfd7 15. Qe2 Qc7 16. Bd3 Qb8 17. Nbd2 Na4 18. Nf1 Qa7 19. b3 Nc3 20. Qb2 Bxd4 21. Rac1 Nd1 22. Qxd4 Qxd4 23. Nxd4 Rxc1 24. Ne2 Ra1 25. Bd2 Rc8 26. f3 Ne5 27. Nc1 Raxc1 28. Be2 Nc3 29. Bxc1 Nxe2+ 30. Rxe2 Rxc1 31. Kf2 Nd3+ 32. Ke3 Rxf1 33. Kxd3 Rc1 34. Kd2 Rc5 0-1

[Event "Czech Youth U16 Boys 2024"]
[Site "Kouty nad Desnou"]
[Date "2024.03.11"]
[Round "3.1"]
[White "Hozda, Max"]
[Black "Jasso, Matej"]
[Result "0-1"]
[ECO "D00"]
[WhiteElo "2032"]
[BlackElo "2060"]
[Annotator "RC"]
[PlyCount "56"]
[EventDate "2024.03.10"]
[EventType "swiss"]
[EventCountry "CZE"]
[SourceTitle "playchess.com"]
[Source "ChessBase"]
[SourceQuality "1"]
[TimeControl "40/5400+30:1800+30"]

1. d4 d5 2. Nc3 Nf6 3. Bf4 c6 4. e3 Bf5 5. Nf3 e6 6. Ne5 Bd6 7. Bd3 Bxd3 8. cxd3 Na6 9. O-O O-O 10. a3 c5 11. dxc5 Nxc5 12. b4 Bxe5 13. Bxe5 Ncd7 14. Bd6 Re8 15. d4 Nb6 16. Bg3 Ne4 17. Nxe4 dxe4 18. f3 Qd5 19. Rc1 exf3 20. Rc5 fxg2 21. Rf4 Qd7 22. Qh5 g6 23. Rg4 Nd5 24. Be5 f6 25. e4 fxe5 26. Qxe5 Qf7 27. Rxg2 Ne3 28. Rf2 Qxf2+ 0-1

[Event "Czech Youth U16 Boys 2024"]
[Site "Kouty nad Desnou"]
[Date "2024.03.11"]
[Round "3.2"]
[White "Davidek, Zdenek"]
[Black "Hladky, Tadeas"]
[Result "1/2-1/2"]
[ECO "D15"]
[WhiteElo "2135"]
[BlackElo "2056"]
[Annotator "RC"]
[PlyCount "48"]
[EventDate "2024.03.10"]
[EventType "swiss"]
[EventCountry "CZE"]
[SourceTitle "playchess.com"]
[Source "ChessBase"]
[SourceQuality "1"]
[TimeControl "40/5400+30:1800+30"]

1. d4 d5 2. c4 c6 3. Nf3 Nf6 4. Nc3 a6 5. e3 Bf5 6. Bd3 Bxd3 7. Qxd3 e6 8. O-O Nbd7 9. e4 dxe4 10. Nxe4 Nxe4 11. Qxe4 Nf6 12. Qe2 Be7 13. Bf4 O-O 14. Rad1 Qa5 15. b3 Qf5 16. Qe5 g6 17. Qc7 Rad8 18. Qxe7 Rd7 19. Qc5 Qxf4 20. Ne5 Rc7 21. Qd6 Rd7 22. Qc5 Rc7 23. Qd6 Rd7 24. Qc5 Rc7 1/2-1/2

[Event "Czech Youth U16 Boys 2024"]
[Site "Kouty nad Desnou"]
[Date "2024.03.11"]
[Round "3.3"]
[White "Fizer, Marek"]
[Black "Setina, Vaclav"]
[Result "1-0"]
[ECO "B13"]
[WhiteElo "2058"]
[BlackElo "2024"]
[Annotator "RC"]
[PlyCount "85"]
[EventDate "2024.03.10"]
[EventType "swiss"]
[EventCountry "CZE"]
[SourceTitle "playchess.com"]
[Source "ChessBase"]
[SourceQuality "1"]
[TimeControl "40/5400+30:1800+30"]

1. e4 c6 2. d4 d5 3. exd5 cxd5 4. Bd3 Nc6 5. c3 Qc7 6. h3 g6 7. Nf3 Nh6 8. O-O Bf5 9. Be2 Bg7 10. Be3 Bxb1 11. Rxb1 Nf5 12. Bc1 O-O 13. Re1 Rab8 14. a4 a6 15. Bd3 b5 16. axb5 axb5 17. b4 e6 18. g4 Nd6 19. Bf4 Ne7 20. Qe2 Nec8 21. Rb3 Rb6 22. h4 Rc6 23. Rc1 Qb7 24. h5 Nc4 25. Kg2 Ne7 26. Rh1 f6 27. hxg6 Nxg6 28. Bg3 e5 29. Bf5 Nd6 30. Be6+ Nf7 31. Bxd5 Qd7 32. Qxb5 Rd6 33. Qxd7 Rxd7 34. Be6 Rc7 35. dxe5 fxe5 36. Ng5 Ngh8 37. Bd5 Rd8 38. Ne6 Rxd5 39. Nxc7 Rd3 40. b5 Nd6 41. b6 Nb7 42. Ne6 Nf7 43. Ra1 1-0

[Event "Czech Youth U16 Boys 2024"]
[Site "Kouty nad Desnou"]
[Date "2024.03.11"]
[Round "3.4"]
[White "Juhanak, Daniel"]
[Black "Mikolas, Petr"]
[Result "1-0"]
[ECO "E04"]
[WhiteElo "2005"]
[BlackElo "1957"]
[Annotator "RC"]
[PlyCount "65"]
[EventDate "2024.03.10"]
[EventType "swiss"]
[EventCountry "CZE"]
[SourceTitle "playchess.com"]
[Source "ChessBase"]
[SourceQuality "1"]
[TimeControl "40/5400+30:1800+30"]

1. d4 d5 2. c4 e6 3. Nf3 Nf6 4. g3 dxc4 5. Bg2 a6 6. O-O Nbd7 7. a4 Rb8 8. a5 Bd6 9. Nbd2 O-O 10. Nxc4 Qe7 11. b3 Rd8 12. Qc2 b5 13. axb6 Nxb6 14. Nfe5 Bd7 15. Rxa6 Nfd5 16. Bd2 Bb5 17. Ra5 Qe8 18. Nd3 Bf8 19. Rfa1 Ra8 20. h3 h6 21. Kh2 Rxa5 22. Rxa5 Ra8 23. e4 Ne7 24. Nde5 Nc6 25. Nxc6 Bxc6 26. Ne5 Rxa5 27. Bxa5 Ba8 28. Qxc7 Nc8 29. Nxf7 Qxf7 30. Qxc8 Bb7 31. Qc7 g6 32. Qxf7+ Kxf7 33. e5 1-0

[Event "Czech Youth U16 Boys 2024"]
[Site "Kouty nad Desnou"]
[Date "2024.03.11"]
[Round "3.5"]
[White "Buchta, Bartolomej"]
[Black "Prazak, Daniel"]
[Result "0-1"]
[ECO "C02"]
[WhiteElo "1913"]
[BlackElo "2223"]
[Annotator "RC"]
[PlyCount "64"]
[EventDate "2024.03.10"]
[EventType "swiss"]
[EventCountry "CZE"]
[SourceTitle "playchess.com"]
[Source "ChessBase"]
[SourceQuality "1"]
[TimeControl "40/5400+30:1800+30"]

1. e4 e6 2. d4 d5 3. e5 c5 4. c3 Nc6 5. Nf3 Qb6 6. Be2 cxd4 7. cxd4 Nh6 8. Na3 Bxa3 9. bxa3 Nf5 10. Be3 Nxe3 11. fxe3 Qa5+ 12. Qd2 Qxa3 13. O-O O-O 14. Rab1 b6 15. Rb3 Qe7 16. Bd3 Bb7 17. Qc2 h6 18. Qb1 Rac8 19. Rc1 Rc7 20. Rbc3 Rfc8 21. Qb5 g6 22. Qb2 Na5 23. Nd2 Rxc3 24. Rxc3 Rxc3 25. Qxc3 Qg5 26. Be2 Nc4 27. Nf1 b5 28. Kf2 a5 29. Ng3 b4 30. Qc1 h5 31. Bf1 h4 32. Ne4 Qf5+ 0-1

[Event "Czech Youth U16 Boys 2024"]
[Site "Kouty nad Desnou"]
[Date "2024.03.11"]
[Round "3.6"]
[White "Zelba, Lukas"]
[Black "Andrle, Filip"]
[Result "0-1"]
[ECO "D53"]
[WhiteElo "1979"]
[BlackElo "1943"]
[Annotator "RC"]
[PlyCount "84"]
[EventDate "2024.03.10"]
[EventType "swiss"]
[EventCountry "CZE"]
[SourceTitle "playchess.com"]
[Source "ChessBase"]
[SourceQuality "1"]
[TimeControl "40/5400+30:1800+30"]

1. d4 Nf6 2. c4 e6 3. Nc3 d5 4. Bg5 Be7 5. cxd5 exd5 6. e3 O-O 7. Bd3 c6 8. Qc2 Nbd7 9. Nge2 Re8 10. O-O Nf8 11. Rae1 h6 12. Bh4 Ne4 13. Bxe7 Qxe7 14. f3 Nxc3 15. Nxc3 Qf6 16. b4 Bd7 17. Kh1 Qd6 18. Na4 Qxb4 19. Nc5 b6 20. Rb1 Qa5 21. Nb3 Qa4 22. e4 Ne6 23. Qf2 Rac8 24. Bc2 Qa6 25. Rbd1 Qc4 26. f4 dxe4 27. Bxe4 Nf8 28. Bf3 Bf5 29. g4 Be6 30. Rc1 Qb5 31. Rc3 Bd5 32. Nc1 Ne6 33. Kg1 Bxf3 34. Rxf3 Rcd8 35. Re3 Qd5 36. Nb3 a5 37. Re5 Qd6 38. f5 Ng5 39. Qg3 Rxe5 40. dxe5 Qd5 41. h4 Ne4 42. Qf4 a4 0-1

[Event "Czech Youth U16 Boys 2024"]
[Site "Kouty nad Desnou"]
[Date "2024.03.11"]
[Round "3.7"]
[White "Pressler, Tobias"]
[Black "Zrubek, Dan"]
[Result "0-1"]
[ECO "A02"]
[WhiteElo "1954"]
[BlackElo "1882"]
[Annotator "RC"]
[PlyCount "90"]
[EventDate "2024.03.10"]
[EventType "swiss"]
[EventCountry "CZE"]
[SourceTitle "playchess.com"]
[Source "ChessBase"]
[SourceQuality "1"]
[TimeControl "40/5400+30:1800+30"]

1. f4 g6 2. Nf3 Bg7 3. g3 Nf6 4. Bg2 O-O 5. O-O d5 6. d3 c5 7. Nbd2 Ng4 8. Nb3 Qb6 9. d4 cxd4 10. Nbxd4 Nc6 11. c3 e6 12. Kh1 a6 13. Rb1 Qc7 14. h3 Nf6 15. Be3 Na5 16. Bg1 Ne4 17. Bh2 Nc4 18. Qc1 h5 19. Nc2 Qb6 20. Ncd4 Qc7 21. Ra1 Bd7 22. Nh4 e5 23. fxe5 Bxe5 24. Bxe4 dxe4 25. Kg2 Qc8 26. g4 Bxg4 27. Bxe5 Bxh3+ 28. Kh2 Nxe5 29. Rg1 Bg4 30. Qf4 Qb8 31. Kh1 Qd8 32. Nhf5 gxf5 33. Qxe5 Qh4+ 34. Kg2 Qg5 35. Kf2 Kh7 36. Raf1 Qh4+ 37. Rg3 Rae8 38. Qf4 e3+ 39. Ke1 Re4 40. Qd6 Rd8 41. Qc7 Qf6 42. Qxb7 Rde8 43. Kd1 f4 44. Kc1 Rxd4 45. Rxg4 hxg4 0-1

[Event "Czech Youth U16 Boys 2024"]
[Site "Kouty nad Desnou"]
[Date "2024.03.11"]
[Round "3.8"]
[White "Juracak, David"]
[Black "Vysinsky, Otakar"]
[Result "1-0"]
[ECO "C55"]
[WhiteElo "1944"]
[BlackElo "1882"]
[Annotator "ChessBase"]
[PlyCount "65"]
[EventDate "2024.03.10"]
[EventType "swiss"]
[EventCountry "CZE"]
[SourceTitle "playchess.com"]
[Source "ChessBase"]
[SourceQuality "1"]
[TimeControl "40/5400+30:1800+30"]

1. e4 e5 2. Nf3 Nc6 3. Bc4 Nf6 4. d3 Be7 5. c3 O-O 6. O-O d5 7. exd5 Nxd5 8. h3 Bf5 9. Re1 Bf6 10. Be3 Nxe3 11. fxe3 e4 12. Nd4 Nxd4 13. cxd4 exd3 14. Nc3 c5 15. Nd5 cxd4 16. e4 Be6 17. Qxd3 Be5 18. Rf1 Qg5 19. Rf3 Rac8 20. Raf1 Bxd5 21. Bxd5 Rc7 22. Qb3 Bf6 23. Qd3 b6 24. h4 Qh6 25. Rxf6 gxf6 26. Qg3+ Kh8 27. Qxc7 Qe3+ 28. Kh1 Qe2 29. Qf4 Rg8 30. Qxf6+ Rg7 31. e5 d3 32. e6 fxe6 33. Rc1 1-0

[Event "Czech Youth U16 Boys 2024"]
[Site "Kouty nad Desnou"]
[Date "2024.03.11"]
[Round "3.9"]
[White "Dvorak, Jan"]
[Black "Buchtova, Viktorie"]
[Result "0-1"]
[ECO "B38"]
[WhiteElo "2154"]
[BlackElo "1874"]
[Annotator "RC"]
[PlyCount "90"]
[EventDate "2024.03.10"]
[EventType "swiss"]
[EventCountry "CZE"]
[SourceTitle "playchess.com"]
[Source "ChessBase"]
[SourceQuality "1"]
[TimeControl "40/5400+30:1800+30"]

1. e4 c5 2. Nf3 Nc6 3. d4 cxd4 4. Nxd4 g6 5. c4 Bg7 6. Be3 Nf6 7. Nc3 d6 8. Be2 O-O 9. O-O Bd7 10. f3 Nxd4 11. Bxd4 Bc6 12. Qd2 Nd7 13. Be3 Rc8 14. Rac1 Nb6 15. b3 Bd7 16. Kh1 Be6 17. Rfd1 Nd7 18. Bd3 Nc5 19. Ne2 Nxd3 20. Qxd3 Qa5 21. Rc2 b5 22. c5 dxc5 23. Rxc5 Qxa2 24. Rxc8 Rxc8 25. Nc1 Qc2 26. Qxc2 Rxc2 27. Rd8+ Bf8 28. Bh6 Rc8 29. Rxc8 Bxc8 30. Be3 a5 31. Nd3 a4 32. b4 Bg7 33. e5 Bf5 34. Nc5 Bxe5 35. Bc1 Bd4 36. Ba3 Kf8 37. g4 Bc2 38. Kg2 Ke8 39. Kf1 Bd1 40. Kg2 Bc2 41. h3 Kd8 42. Kf1 Bd1 43. f4 Be3 44. Nd3 Bf3 45. Ne5 Bd5 0-1

[Event "Czech Youth U16 Boys 2024"]
[Site "Kouty nad Desnou"]
[Date "2024.03.11"]
[Round "3.10"]
[White "Zemek, Antonin"]
[Black "Rybackova, Lucie"]
[Result "1/2-1/2"]
[ECO "A04"]
[WhiteElo "1870"]
[BlackElo "1983"]
[Annotator "RC"]
[PlyCount "75"]
[EventDate "2024.03.10"]
[EventType "swiss"]
[EventCountry "CZE"]
[SourceTitle "playchess.com"]
[Source "ChessBase"]
[SourceQuality "1"]
[TimeControl "40/5400+30:1800+30"]

1. Nf3 g6 2. c4 Bg7 3. Nc3 f5 4. b3 Nf6 5. Bb2 O-O 6. g3 d6 7. d4 Qe8 8. Bg2 c6 9. O-O h6 10. d5 Na6 11. Rc1 Nc5 12. b4 Nce4 13. Nxe4 Nxe4 14. Bxg7 Kxg7 15. Qd4+ e5 16. Qb2 c5 17. Nd2 Nxd2 18. Qxd2 b6 19. bxc5 bxc5 20. f4 e4 21. Qa5 Qd8 22. Qa3 a5 23. Rb1 Ba6 24. Rfc1 Qc7 25. e3 Rab8 26. Bf1 Kh7 27. Be2 Kg8 28. Kf2 Kh7 29. h3 Rg8 30. Rb3 Rgc8 31. Rcb1 Rb4 32. Qc1 Rcb8 33. Qc3 Qg7 34. Qc2 Qc7 35. a3 Rxb3 36. Rxb3 Rxb3 37. Qxb3 Qd8 38. Qa4 1/2-1/2

[Event "Czech Youth U16 Boys 2024"]
[Site "Kouty nad Desnou"]
[Date "2024.03.11"]
[Round "3.11"]
[White "Tegda, Vojtech"]
[Black "Ulcak, Michael"]
[Result "0-1"]
[ECO "B12"]
[WhiteElo "1936"]
[BlackElo "1929"]
[Annotator "RC"]
[PlyCount "98"]
[EventDate "2024.03.10"]
[EventType "swiss"]
[EventCountry "CZE"]
[SourceTitle "playchess.com"]
[Source "ChessBase"]
[SourceQuality "1"]
[TimeControl "40/5400+30:1800+30"]

1. e4 c6 2. d4 d5 3. f3 Qb6 4. Nc3 dxe4 5. fxe4 e5 6. Nf3 exd4 7. Qxd4 Qxd4 8. Nxd4 Bc5 9. Nb3 Bd6 10. Bg5 Bg4 11. Bd3 Nd7 12. O-O Ne5 13. Rae1 f6 14. Be3 Ne7 15. Ne2 Bb4 16. Bd2 Bxd2 17. Nxd2 O-O-O 18. Nc1 c5 19. h3 Be6 20. Nf3 N7c6 21. Be2 Rhe8 22. Nxe5 Nxe5 23. Nd3 Nd7 24. Nf4 Bf7 25. Bg4 Kb8 26. Rd1 Ne5 27. Be2 Nc4 28. Bxc4 Bxc4 29. Rxd8+ Rxd8 30. Rc1 Bxa2 31. b3 c4 32. b4 c3 33. Ne2 Bf7 34. Nxc3 Rd4 35. b5 Rc4 36. Ne2 Rxe4 37. Kf2 Rb4 38. Rd1 Rxb5 39. Rd7 Bg6 40. Rxg7 a5 41. c4 Rc5 42. Rg8+ Ka7 43. Rf8 Rxc4 44. Rxf6 a4 45. Rf3 b5 46. Ra3 Bc2 47. Ke3 b4 48. Ra1 b3 49. Kd2 b2 0-1

[Event "Czech Youth U16 Boys 2024"]
[Site "Kouty nad Desnou"]
[Date "2024.03.11"]
[Round "3.12"]
[White "Stein, Michael"]
[Black "Zezula, Matej"]
[Result "1-0"]
[ECO "B30"]
[WhiteElo "1883"]
[BlackElo "1825"]
[Annotator "NA RC"]
[PlyCount "109"]
[EventDate "2024.03.10"]
[EventType "swiss"]
[EventCountry "CZE"]
[SourceTitle "playchess.com"]
[Source "ChessBase"]
[SourceQuality "1"]
[TimeControl "40/5400+30:1800+30"]

1. e4 c5 2. Nf3 Nc6 3. Bb5 d6 4. h3 Bd7 5. O-O a6 6. Bxc6 {[%emt 0:01:38] B51: Sicilian: Moscow Variation (3 Bb5+) without 3...Bd7.} Bxc6 7. Nc3 Nf6 8. Re1 e6 9. d3 Be7 10. Ne2 O-O 11. Ng3 b5 12. c3 Qc7 13. Qe2 Bb7 14. b3 Rfc8 15. Bb2 c4 16. d4 d5 17. e5 Nd7 18. Nh2 b4 19. Rec1 Nb6 (19... a5 $17 20. Nh5 Nf8) 20. f4 a5 21. Qg4 Bf8 22. f5 exf5 23. Nxf5 g6 (23... Qc6 $15) 24. Ng3 (24. Qg5 $14) 24... Kh8 (24... Qd7 $15 25. Qf3 Bg7) 25. Nf3 a4 26. cxb4 Bxb4 (26... axb3 $11 27. axb3 Rxa1 28. Bxa1 Bh6) 27. a3 (27. Ng5 $1 $14 Rg8 28. bxc4 Nxc4 29. Rf1) 27... c3 28. Rab1 c2 29. Ra1 Be7 30. b4 Qc4 (30... Ba6 $15 {is superior.}) 31. e6 f5 32. Qf4 $1 Qc7 33. Ne5 Bf6 34. Nf7+ (34. Nxf5 $11 gxf5 35. Nf7+ (35. Qxf5 Qg7 $17) 35... Kg8 36. Qxf5) 34... Kg8 35. Qf3 (35. Nh6+ $11 Kg7 36. Nhxf5+ gxf5 37. Nh5+ (37. Nxf5+ $2 {too greedy.} Kh8 $19) 37... Kh8 (37... Kg6 38. Qf3 $14) 38. Qxc7 Rxc7 39. Nxf6) 35... Qe7 36. Re1 Rc6 (36... Bg7 $1 $15 37. Kh1 Rc6) 37. Qe2 Rac8 38. Nh6+ Kh8 39. b5 R6c7 40. Nhxf5 gxf5 41. Nxf5 Qf8 42. e7 Bxe7 43. Nxe7 Qg7 44. Nxc8 Nxc8 $18 45. Qe8+ Qg8 46. Qe5+ Qg7 47. Qf4 Re7 48. Rac1 Nb6 49. Qd6 Nc8 50. Qd8+ Qg8 51. Qxg8+ Kxg8 52. Rxe7 Nxe7 53. Rxc2 Bc8 54. b6 Kf7 55. Rxc8 1-0

[Event "Czech Youth U16 Boys 2024"]
[Site "Kouty nad Desnou"]
[Date "2024.03.11"]
[Round "4.1"]
[White "Jasso, Matej"]
[Black "Fizer, Marek"]
[Result "1/2-1/2"]
[ECO "B90"]
[WhiteElo "2060"]
[BlackElo "2058"]
[Annotator "RC"]
[PlyCount "68"]
[EventDate "2024.03.10"]
[EventType "swiss"]
[EventCountry "CZE"]
[SourceTitle "playchess.com"]
[Source "ChessBase"]
[SourceQuality "1"]
[TimeControl "40/5400+30:1800+30"]

1. e4 c5 2. Nf3 d6 3. d4 cxd4 4. Nxd4 Nf6 5. Nc3 a6 6. Be3 e5 7. Nb3 Be7 8. f3 Be6 9. Qd2 h5 10. Be2 Nbd7 11. Nd5 Nxd5 12. exd5 Bf5 13. c4 b6 14. O-O g5 15. Bd3 Bxd3 16. Qxd3 Nc5 17. Nxc5 bxc5 18. a3 a5 19. b4 axb4 20. axb4 cxb4 21. c5 Rxa1 22. Rxa1 dxc5 23. Qb5+ Kf8 24. Bxc5 Kg7 25. Qxb4 Bxc5+ 26. Qxc5 Rh6 27. Re1 Rd6 28. Rxe5 f6 29. Re1 Rxd5 30. Qe7+ Qxe7 31. Rxe7+ Kg6 32. Kf2 Kf5 33. Re2 h4 34. g3 Rd4 1/2-1/2

[Event "Czech Youth U16 Boys 2024"]
[Site "Kouty nad Desnou"]
[Date "2024.03.11"]
[Round "4.2"]
[White "Hladky, Tadeas"]
[Black "Hozda, Max"]
[Result "1-0"]
[ECO "B15"]
[WhiteElo "2056"]
[BlackElo "2032"]
[Annotator "RC"]
[PlyCount "57"]
[EventDate "2024.03.10"]
[EventType "swiss"]
[EventCountry "CZE"]
[SourceTitle "playchess.com"]
[Source "ChessBase"]
[SourceQuality "1"]
[TimeControl "40/5400+30:1800+30"]

1. e4 c6 2. d4 d5 3. Nc3 dxe4 4. Nxe4 Nf6 5. Nxf6+ exf6 6. c3 Bd6 7. Bd3 O-O 8. Qc2 Re8+ 9. Ne2 h5 10. Be3 Nd7 11. O-O-O Nf8 12. c4 Be6 13. Nc3 Bb4 14. Ne4 Be7 15. Kb1 Rc8 16. h3 b5 17. c5 b4 18. Nd2 Bd5 19. Rhg1 Ne6 20. h4 Qc7 21. g4 Nf4 22. gxh5 Nxd3 23. Qxd3 Kh8 24. Rg3 Rcd8 25. Rdg1 Rg8 26. h6 g6 27. h5 g5 28. f4 gxf4 29. Rg7 1-0

[Event "Czech Youth U16 Boys 2024"]
[Site "Kouty nad Desnou"]
[Date "2024.03.11"]
[Round "4.3"]
[White "Prazak, Daniel"]
[Black "Davidek, Zdenek"]
[Result "1/2-1/2"]
[ECO "A26"]
[WhiteElo "2223"]
[BlackElo "2135"]
[Annotator "RC"]
[PlyCount "96"]
[EventDate "2024.03.10"]
[EventType "swiss"]
[EventCountry "CZE"]
[SourceTitle "playchess.com"]
[Source "ChessBase"]
[SourceQuality "1"]
[TimeControl "40/5400+30:1800+30"]

1. c4 e5 2. g3 Nc6 3. Bg2 g6 4. Nc3 Bg7 5. d3 d6 6. Nf3 Nf6 7. O-O O-O 8. Rb1 a5 9. a3 Bf5 10. Qc2 Qd7 11. b4 axb4 12. axb4 Bh3 13. Nd5 Bxg2 14. Nxf6+ Bxf6 15. Kxg2 Nd4 16. Nxd4 exd4 17. Bb2 Ra2 18. Ra1 Rfa8 19. Rxa2 Rxa2 20. Ra1 Qc6+ 21. Kg1 Qa6 22. Qb1 Rxa1 23. Qxa1 Qxa1+ 24. Bxa1 Kf8 25. e3 Ke7 26. Bxd4 Bxd4 27. exd4 d5 28. b5 c6 29. bxc6 bxc6 30. Kg2 Ke6 31. Kf3 Kf5 32. h3 h6 33. Ke3 Ke6 34. Kf4 Kf6 35. Kg4 Ke6 36. h4 Kf6 37. Kf4 g5+ 38. hxg5+ hxg5+ 39. Ke3 Kf5 40. Kf3 Kf6 41. Kg4 Kg6 42. f4 f6 43. f5+ Kh6 44. Kf3 Kh5 45. c5 Kh6 46. Ke3 Kh5 47. Kf3 Kh6 48. g4 Kg7 1/2-1/2

[Event "Czech Youth U16 Boys 2024"]
[Site "Kouty nad Desnou"]
[Date "2024.03.11"]
[Round "4.4"]
[White "Andrle, Filip"]
[Black "Juhanak, Daniel"]
[Result "0-1"]
[ECO "C11"]
[WhiteElo "1943"]
[BlackElo "2005"]
[Annotator "RC"]
[PlyCount "74"]
[EventDate "2024.03.10"]
[EventType "swiss"]
[EventCountry "CZE"]
[SourceTitle "playchess.com"]
[Source "ChessBase"]
[SourceQuality "1"]
[TimeControl "40/5400+30:1800+30"]

1. e4 e6 2. d4 d5 3. Nc3 Nf6 4. Bg5 h6 5. Bxf6 Qxf6 6. exd5 Bb4 7. Be2 exd5 8. Bf3 O-O 9. Nge2 c6 10. O-O Bf5 11. Ng3 Bh7 12. Nce2 Bd6 13. c3 Nd7 14. Qd2 Rfe8 15. Rfe1 Bc7 16. Nf1 Nf8 17. Neg3 Ne6 18. Bd1 Nf4 19. Bc2 h5 20. Bxh7+ Kxh7 21. Ne2 Ne6 22. Qd3+ g6 23. Nd2 Re7 24. Nf3 Rae8 25. Kh1 Kg7 26. h4 Kg8 27. g3 Ng7 28. Kg2 Nf5 29. Neg1 Re4 30. Nh3 R8e7 31. Nhg5 Rxe1 32. Rxe1 Rxe1 33. Nxe1 Qe7 34. Nef3 Kg7 35. Nh3 f6 36. a3 Qe4 37. Qd2 Nxh4+ 0-1

[Event "Czech Youth U16 Boys 2024"]
[Site "Kouty nad Desnou"]
[Date "2024.03.11"]
[Round "4.5"]
[White "Buchtova, Viktorie"]
[Black "Juracak, David"]
[Result "0-1"]
[ECO "C43"]
[WhiteElo "1874"]
[BlackElo "1944"]
[Annotator "RC"]
[PlyCount "92"]
[EventDate "2024.03.10"]
[EventType "swiss"]
[EventCountry "CZE"]
[SourceTitle "playchess.com"]
[Source "ChessBase"]
[SourceQuality "1"]
[TimeControl "40/5400+30:1800+30"]

1. e4 e5 2. Nf3 Nf6 3. d4 Nxe4 4. Bd3 d5 5. Nxe5 Be7 6. O-O O-O 7. Nd2 Bf5 8. Qf3 Nxd2 9. Bxd2 Bxd3 10. Qxd3 Nd7 11. Bf4 Nxe5 12. Bxe5 Bf6 13. Rfe1 c6 14. Qb3 Bxe5 15. Rxe5 f6 16. Re6 Qd7 17. Rae1 Rfe8 18. Rxe8+ Rxe8 19. Rxe8+ Qxe8 20. Qe3 Qxe3 21. fxe3 Kf7 22. Kf2 f5 23. a4 b5 24. axb5 cxb5 25. b4 g5 26. Kf3 Kg6 27. Kg3 Kf6 28. Kf3 Ke6 29. Kf2 Kd6 30. Kf3 Ke6 31. Kf2 h5 32. Kf3 h4 33. Ke2 f4 34. Kf2 Kf5 35. Kf3 g4+ 36. Ke2 Ke4 37. exf4 Kxf4 38. c3 Ke4 39. Kd2 h3 40. g3 Kf3 41. Kd3 Kg2 42. Ke2 Kxh2 43. Kf2 a6 44. Kf1 Kxg3 45. Kg1 h2+ 46. Kh1 Kh3 0-1

[Event "Czech Youth U16 Boys 2024"]
[Site "Kouty nad Desnou"]
[Date "2024.03.11"]
[Round "4.6"]
[White "Zrubek, Dan"]
[Black "Setina, Vaclav"]
[Result "0-1"]
[ECO "B39"]
[WhiteElo "1882"]
[BlackElo "2024"]
[Annotator "RC"]
[PlyCount "82"]
[EventDate "2024.03.10"]
[EventType "swiss"]
[EventCountry "CZE"]
[SourceTitle "playchess.com"]
[Source "ChessBase"]
[SourceQuality "1"]
[TimeControl "40/5400+30:1800+30"]

1. e4 c5 2. Nf3 Nc6 3. d4 cxd4 4. Nxd4 g6 5. c4 Bg7 6. Be3 Nf6 7. Nc3 Ng4 8. Qxg4 Nxd4 9. Qd1 Ne6 10. Rc1 O-O 11. Bd3 d6 12. O-O Bd7 13. Qd2 a5 14. f4 Nc5 15. Bb1 f5 16. e5 Be6 17. Nb5 Qb6 18. exd6 Rfd8 19. Nc7 Qxc7 20. dxc7 Rxd2 21. Bxd2 Bxb2 22. Rcd1 Kf7 23. Be3 Nd7 24. Rd2 Ba3 25. Rfd1 Bd6 26. Rb2 b6 27. Bc2 Rc8 28. Ba4 Rxc7 29. Bxd7 Rxd7 30. Kh1 Bxc4 31. Rxb6 Bxa2 32. Rb5 a4 33. Bc5 Bb3 34. Rd2 Rc7 35. Bg1 Bxf4 36. Re2 Bc4 37. Rb4 Bd6 38. Rxc4 Rxc4 39. Ra2 Rc1 40. g3 Bc5 41. Rg2 a3 0-1

[Event "Czech Youth U16 Boys 2024"]
[Site "Kouty nad Desnou"]
[Date "2024.03.11"]
[Round "4.7"]
[White "Mikolas, Petr"]
[Black "Ulcak, Michael"]
[Result "1/2-1/2"]
[ECO "C47"]
[WhiteElo "1957"]
[BlackElo "1929"]
[Annotator "RC"]
[PlyCount "68"]
[EventDate "2024.03.10"]
[EventType "swiss"]
[EventCountry "CZE"]
[SourceTitle "playchess.com"]
[Source "ChessBase"]
[SourceQuality "1"]
[TimeControl "40/5400+30:1800+30"]

1. e4 e5 2. Nc3 Nc6 3. Nf3 Nf6 4. d4 exd4 5. Nxd4 Bb4 6. Nxc6 bxc6 7. Bd3 d5 8. e5 Nd7 9. O-O O-O 10. f4 Nc5 11. Qh5 Nxd3 12. cxd3 g6 13. Qd1 Qh4 14. Be3 Ba6 15. Rf3 Bc8 16. Qa4 Bxc3 17. bxc3 Bd7 18. Bxa7 Rfb8 19. Qd4 Rb7 20. Bc5 Rab8 21. Bb4 Rb5 22. a4 c5 23. Qxd5 Be6 24. Qc6 Qd8 25. axb5 cxb4 26. Qc5 bxc3 27. Qxc3 Rxb5 28. h3 Rb3 29. Qc5 h5 30. Ra7 Rxd3 31. Rxd3 Qxd3 32. Ra8+ Kh7 33. Qf8 Qe3+ 34. Kh1 Qc1+ 1/2-1/2

[Event "Czech Youth U16 Boys 2024"]
[Site "Kouty nad Desnou"]
[Date "2024.03.11"]
[Round "4.8"]
[White "Rybackova, Lucie"]
[Black "Buchta, Bartolomej"]
[Result "1/2-1/2"]
[ECO "A00"]
[WhiteElo "1983"]
[BlackElo "1913"]
[Annotator "RC"]
[PlyCount "80"]
[EventDate "2024.03.10"]
[EventType "swiss"]
[EventCountry "CZE"]
[SourceTitle "playchess.com"]
[Source "ChessBase"]
[SourceQuality "1"]
[TimeControl "40/5400+30:1800+30"]

1. g3 Nf6 2. Bg2 e6 3. c4 a6 4. b3 d5 5. Nf3 b5 6. Ne5 Bb7 7. O-O Nbd7 8. Bb2 h5 9. h4 Bd6 10. d4 c6 11. Nxd7 Nxd7 12. c5 Be7 13. Nd2 g5 14. hxg5 Bxg5 15. Nf3 Bf6 16. Ne5 Bxe5 17. dxe5 Nxc5 18. Rc1 Nd7 19. e4 Nb6 20. exd5 Nxd5 21. Bxd5 cxd5 22. Qd4 h4 23. Kg2 Rg8 24. Rc3 b4 25. Rf3 a5 26. Rc1 Qe7 27. Rc2 Rg6 28. Rf4 hxg3 29. fxg3 Kf8 30. Rcf2 Kg7 31. Rxf7+ Qxf7 32. Rxf7+ Kxf7 33. Qb6 Ba6 34. Qc7+ Kg8 35. Qc6 Rc8 36. Qxa6 Rc2+ 37. Kf3 Rxb2 38. Qc8+ Kh7 39. Qd7+ Kh6 40. Qc8 Kh7 1/2-1/2